 Dungeon Crawl Stone Soup version 0.24-a0-292-g5c6fb1cd70 (webtiles) character file.

Game seed: 9068846448654462321

10955 MachJacob the Mender (level 11, -4/97 HPs)
             Began as a Deep Dwarf Earth Elementalist on May 11, 2019.
             Was a Priest of Elyvilon.
             Slain by a minotaur
             ... wielding a +0 quarterstaff
              (22 damage)
             ... in a Gauntlet.
             The game lasted 01:35:15 (21136 turns).

MachJacob the Mender (DDEE)                        Turns: 21136, Time: 01:35:15

Health: -4/97      AC: 14    Str:  8    XL:     11   Next: 43%
Magic:  17/18      EV: 16    Int: 19    God:    Elyvilon [***...]
Gold:   692        SH:  0    Dex: 13    Spells: 9/20 levels left

rFire    . . .     SeeInvis .   a - +3 dagger (elec)
rCold    . . .     Gourm    .   (no shield)
rNeg     + . .     Faith    .   q - +0 troll leather armour
rPois    .         Spirit   .   A - +2 hat "Usmaesch" {rElec rN+ MR+ Str-4}
rElec    +         Reflect  .   y - +2 cloak
rCorr    .         Harm     .   G - +0 pair of gloves
MR       ++...     NoTele   +   J - +2 pair of boots {Fly}
Stlth    ++........             (no amulet)
HPRegen  0.00/turn              (no ring)
MPRegen  0.16/turn              (no ring)

@: flying, non-regenerating
A: damage resistance, heal wounds, sense surroundings 2, no regeneration
a: Heal Wounds, Lesser Healing, Heal Other, Purification, Divine Protection,
Renounce Religion, Stop Flying


You were in a Gauntlet.
You worshipped Elyvilon.
Elyvilon was most pleased with you.
You were not hungry.

You visited 2 branches of the dungeon, and saw 12 of its levels.
You also visited: Sewer, Ossuary and Gauntlet.

You collected 692 gold pieces.

Inventory:

Hand Weapons
 a - a +3 dagger of electrocution (weapon)
 b - a +0 hand crossbow
 L - the +6 rapier of Dissent {freeze, rElec Stlth+, unknown}
   (You found it in a Gauntlet)

   It has been specially enchanted to freeze those struck by it, causing extra
   injury to most foes and up to half again as much damage against particularly
   susceptible opponents.
   It can also slow down cold-blooded creatures.
   It insulates you from electricity.
   It makes you more stealthy.
Missiles
 j - 3 throwing nets (quivered)
 B - 33 bolts
Armour
 c - a +1 leather armour of poison resistance
 q - a +0 troll leather armour (worn)
 y - a +2 cloak (worn)
 A - the +2 hat "Usmaesch" (worn) {rElec rN+ MR+ Str-4}
   (You found it in a Gauntlet)

   It affects your strength (-4).
   It insulates you from electricity.
   It protects you from negative energy.
   It affects your resistance to hostile enchantments.
 D - a +2 robe of magic resistance
 G - a +0 pair of gloves (worn)
 H - +0 fire dragon scales
 J - a +2 pair of boots of flying (worn)
 M - the -2 pair of gloves of Classification {MR++ Int-2}
   (You found it in a Gauntlet)

   It affects your intelligence (-2).
   It affects your resistance to hostile enchantments.
Magical Staves
 I - an uncursed staff of power
Jewellery
 f - an uncursed ring of ice
 E - an uncursed ring of fire
Wands
 r - a wand of clouds (12)
 K - a wand of paralysis (11)
Scrolls
 h - 6 scrolls of immolation
 k - 8 scrolls of remove curse
 o - 9 scrolls of teleportation
 p - a scroll of magic mapping
 u - 4 scrolls of fear
 v - a scroll of enchant armour
 x - a scroll of amnesia
 F - 2 scrolls of enchant weapon
Potions
 e - 3 potions of might
 g - 2 potions of agility
 i - 4 potions of flight
 l - 5 potions of mutation
 m - a potion of heal wounds
 n - 2 potions of haste
 t - 2 potions of magic
 w - 5 potions of curing
 z - a potion of ambrosia {unknown}
 C - a potion of brilliance
Comestibles
 d - 13 rations


   Skills:
 + Level 6.2 Fighting
 + Level 5.9 Armour
 + Level 9.0 Dodging
 - Level 2.4 Stealth
 - Level 5.0 Spellcasting
 - Level 4.0 Conjurations
 - Level 0.8 Transmutations
 - Level 10.0 Earth Magic
 * Level 12.0 Invocations


You had 9 spell levels left.
You knew the following spells:

 Your Spells              Type           Power        Failure   Level  Hunger
a - Sandblast             Erth           #####.       1%          1    None
b - Passwall              Tmut/Erth      ####....     2%          2    #......
c - Stone Arrow           Conj/Erth      ####..       2%          3    ##.....
d - Lee's Rapid Deconstr  Erth           #####.....   8%          5    ######.

Your spell library contained the following spells:

 Spells                   Type           Power        Failure   Level  Hunger
 Confusing Touch          Hex            #.....       17%         1    None
 Summon Butterflies       Summ           #.......     17%         1    None
 Petrify                  Tmut/Erth      ####....     19%         4    ####...
 Call Canine Familiar     Summ           #.......     45%         3    ##.....
 Confuse                  Hex            #.......     45%         3    ##.....
 Gell's Gravitas          Tloc           #.........   45%         3    ##.....
 Summon Ice Beast         Ice/Summ       #.......     86%         4    ####...
 Yara's Violent Unravell  Hex/Tmut       #.........   98%         5    ######.
 Metabolic Englaciation   Hex/Ice        #.........   99%         5    ######.
 Summon Mana Viper        Hex/Summ       #.......     99%         5    ######.
 Summon Hydra             Summ           #.........   100%        7    #######


Dungeon Overview and Level Annotations

Branches:
Dungeon (11/15)            Temple (1/1) D:4            Lair (0/6) D:10
    Orc (0/2) D:10

Altars:
Ashenzari
Cheibriados
Dithmenos
Elyvilon
Fedhas
Gozag
Hepliaklqana
Kikubaaqudgha
Makhleb
Nemelex Xobeh
Okawaru
Qazlal
Ru
Sif Muna
Trog
Uskayaw
Vehumet
Wu Jian
Xom
Yredelemnul
Zin
The Shining One
Beogh

Shops:
D:10 =

Annotations:
D:9 Gastronok
D:10 2 transporters, runewalsh's ghost, journeyman OpWz Gauntlet 8 transporters, 3 runed translucent doors


Innate Abilities, Weirdness & Mutations

You are resistant to damage.
You can heal yourself by infusing magical energy.
You passively map the area around you.
You do not regenerate.


Message History

You are healed.
You feel somewhat more hungry. The minotaur barely misses you.
The minotaur misses you.
You are healed.
You feel somewhat more hungry.
The minotaur hits you with a +0 quarterstaff!
The minotaur gores you!
* * * LOW HITPOINT WARNING * * *
Okay, then.
Okay, then.
Okay, then.
Evoke which item? (* to show all) (? for menu, Esc to quit)
Aiming: Paralyse
Press: ? - help, Shift-Dir - straight line, f - minotaur
Aim: a minotaur, wielding a +0 quarterstaff and wearing a cursed -2 chain mail (chance to defeat MR: 1%)
Okay, then.
You see here a javelin of penetration.
You see here 3 javelins of penetration.
You see here a javelin of penetration.
You see here a javelin of penetration.
The minotaur hits you with a +0 quarterstaff!!
You die...

≈≈#≈≈≈#≈≈≈#≈≈≈#..♣.......♣..#≈≈≈#
≈###≈###≈###≈###...........###≈##
# ### ### #####################
#......(..........
#.♣.♣.©.©.©.©.♣.♣.#
#.................#
#####.###.###.#####
###.###(###.### #.@..(...(...(#
#H###.###(###(# #....(((.....(#
#######'####### *#.# ..∩ +⌠...**
#...⌠+ #.⌠..#*


You could see a minotaur.

Vanquished Creatures
  Harold (D:9)
  2 centaur skeletons
  5 trolls
  3 meliai (Gauntlet)
  2 queen bees (Gauntlet)
  Grinder (D:3)
  2 hippogriffs
  A wyvern (D:8)
  2 hungry ghosts (D:10)
  2 steam dragons
  An ice beast (D:7)
  2 sky beasts
  An eye of draining (D:10)
  An orc warrior (D:8)
  A necrophage (D:8)
  4 phantoms
  6 ogres
  3 wolves (D:10)
  A centaur (D:6)
  3 crocodiles
  4 big kobolds
  2 elf zombies (Ossuary)
  5 bullfrogs
  A water moccasin zombie (D:10)
  3 scorpions
  23 killer bees
  4 wights (D:7)
  An electric eel (D:10)
  A howler monkey (D:4)
  7 crimson imps
  2 bullfrog zombies
  A centaur zombie (D:7)
  2 quasits
  A human zombie (Ossuary)
  10 hounds
  5 jellies
  3 bullfrog skeletons
  5 orc priests
  6 worker ants
  3 iguanas
  10 orc wizards
  A killer bee zombie (D:7)
  A big kobold zombie (Ossuary)
  A hound zombie (D:7)
  A hound skeleton (D:8)
  4 mummies (Ossuary)
  A worker ant zombie (D:5)
  5 gnolls
  12 adders
  2 oozes
  An adder zombie (Ossuary)
  3 adder skeletons
  7 worms
  5 leopard geckos
  81 orcs
  4 ball pythons
  7 bats
  8 giant cockroaches
  3 gnoll zombies (Ossuary)
  13 goblins
  8 hobgoblins
  8 jackals
  4 quokkas
  10 frilled lizards
  A goblin zombie (Ossuary)
  A hobgoblin zombie (Ossuary)
  A jackal zombie (Ossuary)
  46 kobolds
  A leopard gecko zombie (D:6)
  An orc zombie (Ossuary)
  A quokka zombie (D:8)
  8 rats
  2 plants
395 creatures vanquished.

Vanquished Creatures (others)
  An ogre (D:9)
  A centaur (D:9)
  A bullfrog (D:9)
  A hound (D:9)
  An iguana (D:9)
  2 adders
  A goblin (D:9)
  A kobold (D:4)
9 creatures vanquished.

Grand Total: 404 creatures vanquished

Notes
Turn   | Place    | Note
-------+----------+-------------------------------------------
     0 | D:1      | MachJacob the Deep Dwarf Earth Elementalist began the quest
                  | for the Orb.
     0 | D:1      | Reached XP level 1. HP: 15/15 MP: 3/3
   329 | D:1      | Reached XP level 2. HP: 22/22 MP: 0/4
   337 | D:1      | Learned a level 2 spell: Passwall
   733 | D:1      | Reached XP level 3. HP: 28/28 MP: 3/6
   738 | D:1      | Learned a level 3 spell: Stone Arrow
  1127 | D:2      | Reached skill level 5 in Earth Magic
  1335 | D:2      | Found an iron altar of Okawaru.
  1348 | D:2      | Found a glowing golden altar of the Shining One.
  1365 | D:2      | Found a hide-covered altar of Uskayaw.
  1378 | D:2      | Found a sacrificial altar of Ru.
  1451 | D:2      | Found an opulent altar of Gozag.
  1610 | D:2      | Reached XP level 4. HP: 32/36 MP: 3/7
  1782 | D:2      | You fall through a shaft for 2 floors!
  1792 | D:3      | Noticed Grinder
  1937 | D:4      | Paralysed by Grinder for 3 turns
  2187 | D:3      | Reached XP level 5. HP: 25/42 MP: 5/7
  2278 | D:3      | Found a glowing drain.
  2282 | Sewer    | Entered a sewer
  3997 | D:3      | Found an ornate altar of the Wu Jian Council.
  4422 | D:4      | Reached skill level 1 in Conjurations
  4721 | D:3      | Killed Grinder
  4721 | D:3      | Reached XP level 6. HP: 47/49 MP: 3/9
  4776 | D:3      | Learned a level 5 spell: Lee's Rapid Deconstruction
  4910 | D:4      | Found a staircase to the Ecumenical Temple.
  4919 | Temple   | Entered the Ecumenical Temple
  4947 | Temple   | Became a worshipper of Elyvilon the Healer
  5204 | D:4      | Reached XP level 7. HP: 53/55 MP: 3/10
  6105 | D:5      | Entered Level 5 of the Dungeon
  6342 | D:5      | Found a sand-covered staircase.
  6361 | Ossuary  | Entered an ossuary
  6507 | Ossuary  | Reached * piety under Elyvilon
  6950 | D:5      | Found a hazy altar of Hepliaklqana.
  7106 | D:5      | Reached XP level 8. HP: 42/63 MP: 2/11
  7725 | D:6      | Reached skill level 1 in Invocations
  7931 | D:6      | Reached skill level 5 in Dodging
  7972 | D:6      | Reached skill level 1 in Fighting
  8496 | D:6      | Reached ** piety under Elyvilon
  8561 | D:6      | Reached skill level 2 in Invocations
  9698 | D:6      | Elyvilon protects you from harm!
  9796 | D:6      | HP: 3/67 [orc warrior/+0 hand axe (8)]
 10723 | D:7      | Found a stormy altar of Qazlal.
 10818 | D:7      | Reached skill level 3 in Invocations
 11805 | D:7      | Reached skill level 10 in Earth Magic
 11805 | D:7      | Gained mutation: You passively map the area around you.
                  | [Deep Dwarf growth]
 11805 | D:7      | Reached XP level 9. HP: 58/74 MP: 3/13
 11869 | D:7      | Reached skill level 4 in Invocations
 12186 | D:8      | Reached skill level 5 in Invocations
 12438 | D:8      | Reached skill level 6 in Invocations
 12678 | D:8      | Reached skill level 5 in Spellcasting
 12994 | D:8      | Reached *** piety under Elyvilon
 13091 | D:8      | Noticed a troll
 13139 | D:8      | Reached skill level 1 in Armour
 13139 | D:8      | Reached skill level 7 in Invocations
 13507 | D:8      | Found a roughly hewn altar of Beogh.
 13507 | D:8      | Noticed a two-headed ogre
 14017 | D:8      | Killed a troll
 14017 | D:8      | Reached XP level 10. HP: 69/85 MP: 1/15
 14350 | D:8      | Reached skill level 8 in Invocations
 15517 | D:9      | Noticed Harold
 15571 | D:8      | Pacified a two-headed ogre
 15624 | D:9      | Noticed Gastronok
 15827 | D:8      | Found a burning altar of Makhleb.
 16186 | D:9      | Reached skill level 9 in Invocations
 16634 | D:9      | Killed Harold
 16634 | D:9      | Reached skill level 5 in Fighting
 16730 | D:9      | Paralysed by a kobold for 5 turns
 17168 | D:9      | Found a shimmering altar of Xom.
 17532 | D:10     | Entered Level 10 of the Dungeon
 17575 | D:10     | Reached skill level 10 in Invocations
 17589 | D:10     | Found a transporter.
 17593 | D:10     | Found a transporter.
 17598 | D:10     | Noticed runewalsh's ghost (journeyman OpWz)
 17604 | D:10     | Found Urejun's Jewellery Shoppe.
 18070 | D:10     | Found a staircase to the Lair.
 18083 | D:10     | Reached **** piety under Elyvilon
 18506 | D:10     | Reached XP level 11. HP: 78/96 MP: 13/17
 18561 | D:10     | Reached skill level 5 in Armour
 18656 | D:10     | Reached skill level 11 in Invocations
 19072 | D:10     | Found a staircase to the Orcish Mines.
 19564 | D:11     | Found a gate leading to a gauntlet.
 19576 | Gauntlet | Entered a Gauntlet
 19576 | Gauntlet | Found a transporter.
 19579 | Gauntlet | Found a transporter.
 19581 | Gauntlet | Found a transporter.
 19596 | Gauntlet | Found a transporter.
 19598 | Gauntlet | Found a transporter.
 19607 | Gauntlet | Found a transporter.
 19623 | Gauntlet | Found a runed translucent gate.
 19624 | Gauntlet | Found a transporter.
 19624 | Gauntlet | Found a runed translucent gate.
 19625 | Gauntlet | Found a runed translucent gate.
 19636 | Gauntlet | Found a transporter.
 19645 | Gauntlet | Noticed a catoblepas
 19646 | Gauntlet | Found a transporter.
 19648 | Gauntlet | Noticed a reaper
 19651 | Gauntlet | Found a transporter.
 19679 | Gauntlet | Found a transporter.
 19679 | Gauntlet | Found a transporter.
 19743 | Gauntlet | Found a transporter.
 19746 | Gauntlet | Found a transporter.
 19868 | Gauntlet | Got a steaming hat
 19987 | Gauntlet | Identified the +2 hat "Usmaesch" {rElec rN+ MR+ Str-4} (You
                  | found it in a Gauntlet)
 20310 | Gauntlet | Reached skill level 12 in Invocations
 20319 | Gauntlet | Got a smoking rapier
 20321 | Gauntlet | Got a pair of twisted gloves
 20802 | Gauntlet | Identified the -2 pair of gloves of Classification {MR++
                  | Int-2} (You found it in a Gauntlet)
 20875 | Gauntlet | Noticed a minotaur
 21136 | Gauntlet | Slain by a minotaur

Levels and vault maps discovered:
D:1:      lightli_arrival_statue_moat, layout_loops_ring, minmay_heptomino_h4
D:2:      minmay_evil_eye, layout_basic, old_standard_altar,
          nicolae_overflow_quartered_altars, first_ration, lemuel_statue_altar
D:3:      layout_rooms, lemuel_crystal_altar, gup_sewer_entry_bowl, uniq_grinder
D:4:      kennysheep_kobold_camp, layout_basic, lemuel_temple_firewalk_b
D:5:      layout_loops_ring, old_standard_altar,
          lightli_ossuary_entry_decrepit_ruins
D:6:      layout_basic
D:7:      layout_layer_cave, basic_altar, serial_glass, glass_columns_c,
          glass_columns_b, glass_columns_b, glass_columns_b, glass_columns_a,
          glass_columns_b, minmay_strange_pillars, due_unseen_surprise
D:8:      layout_basic, special_room [special_room_orc], grunt_ogre_cave,
          hangedman_abyss_or_decor_stabs, makhleb_blood_cavern_becter
D:9:      layout_basic, tgw_xom, enter_bailey_3, lemuel_flamethrower_2,
          uniq_harold, uniq_gastronok
D:10:     cheibrodos_elevator_heist, layout_irregular_city, erik_lair_island,
          serial_shops, nicolae_shop_behind_doors, gammafunk_ghost_hive
D:11:     minmay_tri_box, layout_rooms, gauntlet_entry_generic,
          nicolae_dithmenos_through_a_glass_darkly
Temple:   nicolae_temple_great_sept
Gauntlet: minmay_gauntlet_77_tree [minmay_gauntlet_arena_77_radiant_squares,
          minmay_gauntlet_arena_77_p_blocks,
          minmay_gauntlet_arena_77_chump_sandwich,
          minmay_gauntlet_arena_77_broken_ladder,
          minmay_gauntlet_arena_77_run_for_it,
          minmay_gauntlet_arena_77_tiled_triplets,
          minmay_gauntlet_arena_77_braids, gauntlet_exit_hidden_loot]

Skill      XL: |  1  2  3  4  5  6  7  8  9 10 11 |
---------------+----------------------------------+-----
Spellcasting   | 2 3 4 5 |  5.0
Earth Magic    | 5 6 7 8 10 | 10.0
Dodging        | 3 4 5 7 8 9 |  9.0
Conjurations   | 2 3 4 |  4.0
Invocations    | 3 7 10 12 | 12.0
Fighting       | 2 4 5 6 |  6.2
Armour         | 2 4 5 |  5.9
Stealth        | |  2.4
Transmutations | |  0.8

Action                   |  1- 3 |  4- 6 |  7- 9 | 10-12 || total
-------------------------+-------+-------+-------+-------++-------
Melee: Unarmed           |    13 |       |       |       ||    13
       Dagger            |       |   137 |    97 |   148 ||   382
       Hand crossbow     |       |       |       |     2 ||     2
 Fire: Hand crossbow     |       |       |    34 |    54 ||    88
Throw: Stone             |     3 |     1 |     1 |     1 ||     6
       Throwing net      |       |       |       |     2 ||     2
 Cast: Sandblast         |    59 |    58 |    68 |   106 ||   291
       Passwall          |       |     1 |     3 |       ||     4
       Stone Arrow       |       |    19 |   131 |    92 ||   242
       Lee's Rapid Decon |       |       |    16 |    19 ||    35
Invok: Lesser Healing    |       |       |    13 |    52 ||    65
       Heal Other        |       |       |     4 |     2 ||     6
       Greater Healing   |       |       |       |     3 ||     3
 Abil: Heal Wounds       |       |     3 |     3 |       ||     6
  Use: Scroll            |     2 |     2 |    12 |     8 ||    24
       Potion            |       |       |       |     2 ||     2
 Stab: Sleeping          |       |     1 |     2 |       ||     3
  Eat: Chunk             |     3 |    10 |    25 |    25 ||    63
       Ration            |       |     1 |     6 |     7 ||    14
Armor: Robe              |     4 |    28 |    76 |       ||   108
       Fire dragon scale |       |       |       |   124 ||   124
       Troll leather arm |       |       |       |    45 ||    45
Dodge: Dodged            |    26 |   112 |   213 |   254 ||   605

Table legend:
 A = Non-vault XP
 B = Vault XP
 C = Vault XP percentage of total XP
 D = Non-vault monster count
 E = Vault monster count
 F = Vault count percentage of total count
                 A         B        C        D         E       F
            +---------+---------+-------+---------+---------+-------
      Total |   10110 |    5096 |  33.5 |     269 |     124 |  31.6
            +---------+---------+-------+---------+---------+-------
        D:1 |      43 |       4 |   8.5 |      19 |       3 |  13.6
        D:2 |      82 |       6 |   6.8 |      26 |       4 |  13.3
        D:3 |     115 |     292 |  71.7 |      24 |       3 |  11.1
        D:4 |     179 |     126 |  41.3 |      20 |      20 |  50.0
        D:5 |     245 |       0 |   0.0 |      10 |       0 |   0.0
        D:6 |     796 |       0 |   0.0 |      24 |       0 |   0.0
        D:7 |     802 |      18 |   2.2 |      19 |       6 |  24.0
        D:8 |    2820 |     366 |  11.5 |      59 |      23 |  28.0
        D:9 |    1031 |    1015 |  49.6 |      16 |       8 |  33.3
       D:10 |    2756 |     822 |  23.0 |      35 |       9 |  20.5
       D:11 |    1241 |       0 |   0.0 |      17 |       0 |   0.0
      Sewer |       0 |      40 | 100.0 |       0 |      18 | 100.0
    Ossuary |       0 |     346 | 100.0 |       0 |      16 | 100.0
   Gauntlet |       0 |    2061 | 100.0 |       0 |      14 | 100.0
            +---------+---------+-------+---------+---------+-------
